 Dungeon Crawl Stone Soup version 0.26-a0-52-gd53d4cd (webtiles) character file.

Game seed: 17994634402018142129

65388 thirtiethelement the Blocker (level 15, -3/119 HPs)
             Began as a Gnoll Fighter on June 7, 2020.
             Slain by a harpy (9 damage)
             ... on level 1 of the Shoals.
             The game lasted 01:02:38 (26549 turns).

thirtiethelement the Blocker (Gnoll Fighter)       Turns: 26549, Time: 01:02:39

Health: -3/119     AC: 18    Str: 28    XL:     15   Next: 16%
Magic:  0/28       EV: 24    Int:  4    God:
Gold:   1789       SH: 14    Dex: 24    Spells: 33/33 levels left

rFire    + + .     SeeInvis .   A - +4 demon whip (flame)
rCold    + . .     Gourm    .   c - +0 kite shield
rNeg     + . .     Faith    .   u - +3 leather armour
rPois    .         Spirit   +   B - +2 helmet
rElec    .         Reflect  .   N - +2 cloak {rC+}
rCorr    .         Harm     .   F - +2 pair of gloves
MR       +....                  x - +0 pair of boots
Stlth    ++++++....             D - amulet "Jufafod" {Spirit rF+ rN+ Str+4 Int-4}
HPRegen  0.29/turn              w - +4 ring of evasion
MPRegen  0.21/turn              v - ring of Orap Cop {rF+ Dex+6 Stlth+}

@: flying, hasted, very quick
A: distributed training, fangs 1, hooves 1, agile 1, deformed body, dopey 1,
strong nose
a: no special abilities


You were on level 1 of the Shoals.
You were not hungry.

You visited 4 branches of the dungeon, and saw 21 of its levels.
You also visited: Ice Cave.

You collected 2568 gold pieces.
You spent 779 gold pieces at shops.

Inventory:

Hand Weapons
 a - a +1 war axe
 z - a +2 vorpal war axe
 A - a +4 demon whip of flaming (weapon)
 T - the +1 dire flail of Xicu Mink {flame, *Noise rPois Str-2 Dex+9}
   (You found it on level 1 of the Shoals)

   It has been specially enchanted to burn those struck by it, causing extra
   injury to most foes and up to half again as much damage against particularly
   susceptible opponents.
   It affects your strength (-2).
   It affects your dexterity (+9).
   It protects you from poison.
   It may make noises in combat.
Missiles
 s - 18 boomerangs (quivered)
Armour
 c - a +0 kite shield (worn)
 u - a +3 leather armour (worn)
 x - a +0 pair of boots (worn)
 B - a +2 helmet (worn)
 F - a +2 pair of gloves (worn)
 N - a +2 cloak of cold resistance (worn)
Jewellery
 e - an uncursed ring of ice
 k - an uncursed ring of poison resistance {unknown}
 l - an uncursed ring of protection from magic
 n - an uncursed ring of magical power
 v - the ring of Orap Cop (right hand) {rF+ Dex+6 Stlth+}
   (You found it on level 5 of the Dungeon)

   [ring of dexterity]

   It affects your dexterity (+6).
   It protects you from fire.
   It makes you more stealthy.
 w - a +4 ring of evasion (left hand)
 D - the amulet "Jufafod" (around neck) {Spirit rF+ rN+ Str+4 Int-4}
   (You bought it in a shop on level 2 of the Orcish Mines)

   [amulet of guardian spirit]

   It causes incoming damage to be split between your health and magic.
   It affects your strength (+4).
   It affects your intelligence (-4).
   It protects you from fire.
   It protects you from negative energy.
 J - the ring "Raeneheh" {+Fly rPois rC++ Slay-4 Stlth+}
   (You found it on level 1 of the Lair of Beasts)

   [ring of poison resistance]

   It affects your accuracy and damage with ranged weapons and melee attacks
   (-4).
   It greatly protects you from cold.
   It protects you from poison.
   It lets you fly.
   It makes you more stealthy.
 P - an uncursed amulet of magic regeneration {unknown}
 S - a +6 ring of strength
Wands
 b - a wand of paralysis (32)
 y - a wand of flame (19)
 K - a wand of disintegration (11)
 O - a wand of digging (2)
 R - a wand of polymorph (18)
 U - a wand of random effects (22)
 V - a wand of iceblast (16)
 W - a wand of enslavement (8)
Scrolls
 h - 4 scrolls of fog
 j - 13 scrolls of teleportation
 p - 3 scrolls of immolation
 r - 5 scrolls of remove curse
 C - 2 scrolls of amnesia
 H - a scroll of fear
Potions
 d - 7 potions of might
 g - a potion of berserk rage
 i - 7 potions of curing
 m - 3 potions of stabbing
 q - 2 potions of ambrosia
 t - 2 potions of brilliance
 E - a potion of invisibility
 I - 3 potions of haste
 L - a potion of resistance {unknown}
 Q - 2 potions of lignification
Miscellaneous
 M - a phantom mirror
 X - a box of beasts
Comestibles
 f - 16 rations


   Skills:
 + Level 11.5 Fighting
 + Level 9.7 Short Blades
 + Level 9.7 Long Blades
 + Level 10.6 Axes
 + Level 9.7 Maces & Flails
 + Level 9.7 Polearms
 + Level 9.7 Staves
 + Level 9.7 Slings
 + Level 9.7 Bows
 + Level 9.7 Crossbows
 + Level 9.7 Throwing
 + Level 11.5 Armour
 + Level 9.7 Dodging
 + Level 9.7 Stealth
 + Level 11.5 Shields
 + Level 9.7 Unarmed Combat
 + Level 9.7 Spellcasting
 + Level 8.1 Conjurations
 + Level 8.1 Hexes
 + Level 8.1 Charms
 + Level 8.1 Summonings
 + Level 8.1 Necromancy
 + Level 8.1 Translocations
 + Level 8.1 Transmutations
 + Level 8.1 Fire Magic
 + Level 8.1 Ice Magic
 + Level 8.1 Air Magic
 + Level 8.1 Earth Magic
 + Level 8.1 Poison Magic
 + Level 10.5 Invocations
 + Level 9.7 Evocations


You had 33 spell levels left.
You didn't know any spells.
Your spell library contained the following spells:

 Spells                   Type           Power        Failure   Level  Hunger
 Beastly Appendage        Tmut           #.....       1%          1    #......
 Freeze                   Ice            #...         1%          1    #......
 Magic Dart               Conj           #...         1%          1    #......
 Blink                    Tloc           N/A          1%          2    ###....
 Call Imp                 Summ           #.......     1%          2    ###....
 Slow                     Hex            #.......     1%          2    ###....
 Sticks to Snakes         Tmut           #.......     1%          2    ###....
 Conjure Flame            Conj/Fire      #.......     4%          3    ###....
 Frozen Ramparts          Ice            #.....       4%          3    ###....
 Inner Flame              Hex/Fire       #.......     4%          3    ###....
 Mephitic Cloud           Conj/Pois/Air  #.......     4%          3    ###....
 Ozocubu's Armour         Chrm/Ice       #.......     4%          3    ###....
 Spider Form              Tmut/Pois      #.........   4%          3    ###....
 Hailstorm                Conj/Ice       #.......     13%         4    #####..
 Ice Form                 Ice/Tmut       #.......     13%         4    #####..
 Summon Ice Beast         Ice/Summ       #.......     13%         4    #####..
 Blade Hands              Tmut           #.........   36%         5    ######.
 Bolt of Magma            Conj/Fire/Erth #.........   36%         5    ######.
 Fireball                 Conj/Fire      #.........   36%         5    ######.
 Ring of Flames           Chrm/Fire      #.........   100%        7    #######


Dungeon Overview and Level Annotations

Branches:
Dungeon (12/15)            Temple (0/1) D:5            Lair (6/6) D:11
 Shoals (1/4) Lair:2       Spider (0/4) Lair:4        Slime (0/5) Lair:6
    Orc (2/2) D:11            Elf (0/3) Orc:2         IceCv (visited)

Altars:
Makhleb
Nemelex Xobeh
Qazlal
Beogh

Shops:
D:8 }   Orc:2 [=(*

Portals:
Hell: Lair:6

Annotations:
D:12 Frances


Innate Abilities, Weirdness & Mutations

Your experience applies equally to all skills.
You have very sharp teeth.
Your uncanny sense of smell can sniff out nearby items.
You have large cloven feet.
You are agile. (Dex +2)
Armour fits poorly on your strangely shaped body.
You are dopey. (Int -2)


Message History

You block the harpy's attack. x2; The harpy claws you.
* * * LOW HITPOINT WARNING * * *
The harpy closely misses you. The harpy claws you but does no damage.
The harpy completely misses you. You block the harpy's attack.
The harpy claws you but does no damage.
You feel yourself speed up. You block the harpy's attack.
The harpy completely misses you. The harpy barely misses you.
You block the harpy's attack. x2; The harpy claws you but does no damage.
The harpy claws you!
* * * LOW HITPOINT WARNING * * *
The harpy closely misses you. You block the harpy's attack.
The harpy completely misses you. x3; The water elemental hits you!
* * * LOW HITPOINT WARNING * * *
You feel very buoyant.
You fly up into the air.
The harpy screeches!
You block the harpy's attack. The harpy misses you.
The harpy completely misses you. You block the harpy's attack. x2
The harpy claws you!
You die...

≈≈≈≈≈≈≈≈≈≈≈≈≈≈≈≈
≈≈≈≈≈.≈≈≈≈≈≈≈≈≈≈
≈≈≈≈.....≈≈≈≈≈≈.
≈≈≈......≈≈≈≈≈.#
.≈≈.........≈.##
.≈≈.........≈..#
.≈≈...##S.$.≈≈≈.
..≈[...#HH..≈≈≈≈
....≈..E@HH≈≈≈≈≈
....≈≈≈≈≈≈≈≈≈≈≈≈
.≈≈≈≈≈≈≈≈≈≈≈≈≈≈≈
.≈≈≈≈≈≈≈≈≈≈≈≈≈≈
>.........≈≈≈≈≈≈≈≈≈≈≈≈≈≈
...........≈≈≈≈≈≈≈≈≈≈≈≈≈
............≈≈≈≈≈≈≈≈≈≈≈≈
....≈.........≈≈≈≈≈≈≈≈≈≈
.................≈≈..≈≈≈


You could see a sea snake, a water elemental and 4 harpies.

Vanquished Creatures
  An orc warlord (Orc:2)
  A dire elephant (Lair:6)
  6 hydras
  A centaur warrior (D:11)
  A two-headed ogre (D:10)
  The ghost of Jaakim the Cleaver, a novice MiBe of Trog (D:11)
  3 orc high priests
  Sonja (D:11)
  A sixfirhy (Lair:6)
  A sea snake (Shoals:1)
  An unseen horror (D:10)
  2 wizards
  A lindwurm (Lair:3)
  Pikel (D:6)
  3 harpies (Shoals:1)
  6 orc knights
  5 orc sorcerers
  A cyclops (Orc:2)
  2 ugly things (D:11)
  11 elephants
  A manticore (D:11)
  2 ice statues (IceCv)
  A water nymph (Shoals:1)
  4 black mambas
  A torpor snail (Lair:2)
  16 spiny frogs
  An orange demon (Lair:6)
  Psyche (D:8)
  8 komodo dragons
  3 rime drakes
  8 ice devils
  A hellwing (Lair:6)
  3 red devils (Lair:6)
  4 trolls
  4 hornets
  2 merfolk (Shoals:1)
  A snapping turtle (Shoals:1)
  4 dream sheep (Lair:4)
  8 blink frogs
  7 hippogriffs
  2 slime creatures (Lair:6)
  A redback (Lair:4)
  Eustachio (D:6)
  30 yaks
  A water elemental (Shoals:1)
  2 wyverns
  3 basilisks
  4 hungry ghosts
  Menkaure (D:6)
  8 wargs
  11 water moccasins
  5 hell hounds (Lair:6)
  9 porcupines
  24 orc warriors
  8 ice beasts (Lair:2)
  3 black bears
  An eye of draining (D:11)
  3 phantoms
  11 centaurs
  9 ogres
  16 crocodiles
  14 bullfrogs
  2 big kobolds
  Blork the orc (D:5)
  7 scorpions
  9 killer bees
  A howler monkey (D:11)
  7 wights (D:10)
  2 electric eels (D:10)
  2 centaur zombies (D:11)
  4 crimson imps
  2 bullfrog zombies
  3 jellies
  8 hounds
  26 orc priests
  2 centaur skeletons
  27 orc wizards
  A bullfrog skeleton (D:8)
  5 iguanas
  8 worker ants
  A killer bee zombie (D:10)
  2 hound skeletons
  14 adders
  A shadow imp (D:11)
  11 white imps (IceCv)
  8 ufetubi (IceCv)
  An ooze (D:7)
  An adder zombie (D:7)
  2 worms
  A dart slug (D:1)
  6 leopard geckos
  89 orcs
  6 bats
  5 giant cockroaches
  8 goblins
  7 hobgoblins
  13 jackals
  17 kobolds
  6 quokkas
  A ball python (D:1)
  7 frilled lizards
  A leopard gecko zombie (D:5)
  3 quokka skeletons
  10 rats
635 creatures vanquished.

Vanquished Creatures (collateral kills)
  A water moccasin (Lair:5)
1 creature vanquished.

Vanquished Creatures (others)
  A reaper (IceCv)
  A hound (D:6)
  2 white imps (IceCv)
  An orc (D:6)
  6 fungi
  A plant (Lair:3)
  4 tentacles (Shoals:1)
16 creatures vanquished.

Grand Total: 652 creatures vanquished

Notes
Turn   | Place    | Note
-------+----------+-------------------------------------------
     0 | D:1      | thirtiethelement the Gnoll Fighter began the quest for the
                  | Orb.
     0 | D:1      | Reached XP level 1. HP: 23/23 MP: 1/1
   195 | D:1      | Reached XP level 2. HP: 26/29 MP: 2/2
   519 | D:1      | Reached XP level 3. HP: 35/35 MP: 3/3
  1258 | D:2      | You fall into a shaft and drop 2 floors!
  1363 | D:2      | Reached skill level 1 in Invocations
  1835 | D:2      | Reached skill level 1 in Short Blades
  1835 | D:2      | Reached skill level 1 in Long Blades
  1835 | D:2      | Reached skill level 1 in Maces & Flails
  1835 | D:2      | Reached skill level 1 in Polearms
  1835 | D:2      | Reached skill level 1 in Staves
  1835 | D:2      | Reached skill level 1 in Slings
  1835 | D:2      | Reached skill level 1 in Bows
  1835 | D:2      | Reached skill level 1 in Crossbows
  1835 | D:2      | Reached skill level 1 in Throwing
  1835 | D:2      | Reached skill level 1 in Dodging
  1835 | D:2      | Reached skill level 1 in Stealth
  1835 | D:2      | Reached skill level 1 in Unarmed Combat
  1835 | D:2      | Reached skill level 1 in Spellcasting
  1835 | D:2      | Reached skill level 1 in Evocations
  1835 | D:2      | Reached XP level 4. HP: 41/41 MP: 5/5
  1988 | D:3      | Reached skill level 1 in Conjurations
  1988 | D:3      | Reached skill level 1 in Hexes
  1988 | D:3      | Reached skill level 1 in Charms
  1988 | D:3      | Reached skill level 1 in Summonings
  1988 | D:3      | Reached skill level 1 in Necromancy
  1988 | D:3      | Reached skill level 1 in Translocations
  1988 | D:3      | Reached skill level 1 in Transmutations
  1988 | D:3      | Reached skill level 1 in Fire Magic
  1988 | D:3      | Reached skill level 1 in Ice Magic
  1988 | D:3      | Reached skill level 1 in Air Magic
  1988 | D:3      | Reached skill level 1 in Earth Magic
  1988 | D:3      | Reached skill level 1 in Poison Magic
  1993 | D:3      | Reached XP level 5. HP: 13/47 MP: 6/6
  2627 | D:3      | Found a faded altar of an unknown god.
  2784 | D:3      | Found a stormy altar of Qazlal.
  3226 | D:4      | Reached XP level 6. HP: 46/53 MP: 8/8
  3367 | D:4      | Reached skill level 5 in Axes
  3479 | D:4      | Noticed a phantom
  3528 | D:4      | Killed a phantom
  3528 | D:4      | Reached XP level 7. HP: 40/59 MP: 10/10
  4100 | D:5      | Entered Level 5 of the Dungeon
  4351 | D:5      | Reached XP level 8. HP: 59/67 MP: 12/12
  4509 | D:5      | Got a shimmering platinum ring
  4511 | D:5      | Identified the ring of Orap Cop {rF+ Dex+6 Stlth+} (You
                  | found it on level 5 of the Dungeon)
  4602 | D:5      | Noticed Blork the orc
  4619 | D:5      | Killed Blork the orc
  4869 | D:5      | Found a staircase to the Ecumenical Temple.
  5036 | D:6      | Noticed Pikel
  5057 | D:6      | Killed Pikel
  5063 | D:6      | Noticed Eustachio
  5310 | D:6      | Killed Eustachio
  5343 | D:6      | Reached XP level 9. HP: 59/72 MP: 14/14
  5451 | D:6      | Noticed Menkaure
  5457 | D:6      | Killed Menkaure
  6662 | D:7      | Reached skill level 5 in Invocations
  7123 | D:7      | Reached XP level 10. HP: 73/80 MP: 15/17
  7331 | D:8      | Found Rikiakk's Gadget Shoppe.
  7952 | D:8      | Noticed Psyche
  7960 | D:8      | Killed Psyche
  7960 | D:8      | Reached skill level 5 in Short Blades
  7960 | D:8      | Reached skill level 5 in Long Blades
  7960 | D:8      | Reached skill level 5 in Maces & Flails
  7960 | D:8      | Reached skill level 5 in Polearms
  7960 | D:8      | Reached skill level 5 in Staves
  7960 | D:8      | Reached skill level 5 in Slings
  7960 | D:8      | Reached skill level 5 in Bows
  7960 | D:8      | Reached skill level 5 in Crossbows
  7960 | D:8      | Reached skill level 5 in Throwing
  7960 | D:8      | Reached skill level 5 in Dodging
  7960 | D:8      | Reached skill level 5 in Stealth
  7960 | D:8      | Reached skill level 5 in Unarmed Combat
  7960 | D:8      | Reached skill level 5 in Spellcasting
  7960 | D:8      | Reached skill level 5 in Evocations
  9870 | D:10     | Entered Level 10 of the Dungeon
 10366 | D:10     | Noticed a two-headed ogre
 10379 | D:10     | HP: 1/82 [two-headed ogre/+0 giant spiked club (22)]
 10383 | D:10     | Killed a two-headed ogre
 10383 | D:10     | Reached XP level 11. HP: 25/87 MP: 19/19
 10710 | D:10     | Found a sparkling altar of Nemelex Xobeh.
 10710 | D:10     | Found a transporter.
 10710 | D:10     | Noticed an orc high priest
 10711 | D:10     | Noticed a wizard
 10725 | D:10     | Killed an orc high priest
 10731 | D:10     | Killed a wizard
 10731 | D:10     | Reached skill level 5 in Conjurations
 10731 | D:10     | Reached skill level 5 in Hexes
 10731 | D:10     | Reached skill level 5 in Charms
 10731 | D:10     | Reached skill level 5 in Summonings
 10731 | D:10     | Reached skill level 5 in Necromancy
 10731 | D:10     | Reached skill level 5 in Translocations
 10731 | D:10     | Reached skill level 5 in Transmutations
 10731 | D:10     | Reached skill level 5 in Fire Magic
 10731 | D:10     | Reached skill level 5 in Ice Magic
 10731 | D:10     | Reached skill level 5 in Air Magic
 10731 | D:10     | Reached skill level 5 in Earth Magic
 10731 | D:10     | Reached skill level 5 in Poison Magic
 11022 | D:10     | Killed an unseen horror
 11679 | D:11     | Noticed Sonja
 11685 | D:11     | Killed Sonja
 12003 | D:11     | Noticed a cyan ugly thing
 12013 | D:11     | Killed a cyan ugly thing
 12296 | D:11     | Noticed a manticore
 12307 | D:11     | Killed a manticore
 12437 | D:11     | Noticed a four-headed hydra
 12439 | D:11     | Noticed an eight-headed hydra
 12459 | D:11     | Killed a four-headed hydra
 12461 | D:11     | Killed an eight-headed hydra
 12461 | D:11     | Reached XP level 12. HP: 76/96 MP: 20/22
 12646 | D:11     | Found a staircase to the Orcish Mines.
 12715 | D:11     | Noticed a centaur warrior
 12716 | D:11     | Found a runed translucent gate.
 12716 | D:11     | Found a runed translucent gate.
 12717 | D:11     | Found a runed translucent gate.
 12721 | D:11     | Noticed Jaakim's ghost (novice MiBe)
 12958 | D:11     | Found a staircase to the Lair.
 13003 | D:11     | Killed Jaakim's ghost
 13009 | D:11     | Killed a centaur warrior
 13095 | D:12     | Noticed Frances
 13141 | Orc:1    | Entered Level 1 of the Orcish Mines
 14198 | Orc:2    | Entered Level 2 of the Orcish Mines
 15038 | Orc:2    | Found a staircase to the Elven Halls.
 15079 | Orc:2    | Reached skill level 10 in Fighting
 15079 | Orc:2    | Reached skill level 10 in Armour
 15079 | Orc:2    | Reached skill level 10 in Shields
 15098 | Orc:2    | Noticed an orc warlord
 15468 | Orc:2    | Noticed an orc high priest
 15475 | Orc:2    | Killed an orc warlord
 15479 | Orc:2    | Killed an orc high priest
 15479 | Orc:2    | Reached XP level 13. HP: 70/103 MP: 24/24
 15882 | Orc:2    | Found a roughly hewn altar of Beogh.
 15891 | Orc:2    | Found Dyob's Jewellery Boutique.
 15906 | Orc:2    | Found Xisykuk's General Store.
 16067 | Orc:2    | Found Vees Pill's Antique Armour Boutique.
 16074 | Orc:2    | Bought a pair of boots for 153 gold pieces
 16087 | Orc:2    | Found Qanuph's Antique Weapon Boutique.
 16127 | Orc:2    | Bought the amulet "Jufafod" {Spirit rF+ rN+ Str+4 Int-4}
                  | for 626 gold pieces
 16360 | Orc:2    | Found a roughly hewn altar of Beogh.
 16965 | Lair:1   | Entered Level 1 of the Lair of Beasts
 17281 | Lair:1   | Got an ancient gossamer ring
 18388 | Lair:2   | Found a frozen archway.
 18407 | IceCv    | Entered an ice cave
 18515 | IceCv    | Killed a reaper
 19338 | IceCv    | Identified the ring "Raeneheh" {+Fly rPois rC++ Slay-4
                  | Stlth+} (You found it on level 1 of the Lair of Beasts)
 19375 | IceCv    | Gained mutation: You have large cloven feet. [potion of
                  | mutation]
 19375 | IceCv    | Gained mutation: You are dopey. (Int -2) [potion of
                  | mutation]
 19375 | IceCv    | Gained mutation: Armour fits poorly on your strangely
                  | shaped body. [potion of mutation]
 19375 | IceCv    | Gained mutation: You are agile. (Dex +2) [potion of
                  | mutation]
 19919 | Lair:2   | Found a staircase to the Shoals.
 20831 | Lair:3   | Reached XP level 14. HP: 111/111 MP: 26/26
 21672 | Lair:3   | Reached skill level 10 in Axes
 22288 | Lair:4   | Found a hole to the Spider Nest.
 23296 | Lair:5   | Reached skill level 10 in Invocations
 23803 | Lair:5   | Identified a scroll of acquirement
 24227 | Lair:6   | Entered Level 6 of the Lair of Beasts
 24270 | Lair:6   | Found a staircase to the Slime Pits.
 24833 | Lair:6   | Noticed a dire elephant
 24849 | Lair:6   | Killed a dire elephant
 25487 | Lair:6   | Found a burning altar of Makhleb.
 25493 | Lair:6   | Reached XP level 15. HP: 119/119 MP: 28/28
 25510 | Lair:6   | Found a gateway to Hell.
 25517 | Lair:6   | Identified the Grimoire of the Blaze
 26086 | Shoals:1 | Entered Level 1 of the Shoals
 26495 | Shoals:1 | Got an iridescent dire flail
 26501 | Shoals:1 | Identified the +1 dire flail of Xicu Mink {flame, *Noise
                  | rPois Str-2 Dex+9} (You found it on level 1 of the Shoals)
 26520 | Shoals:1 | Noticed a kraken
 26549 | Shoals:1 | Slain by a harpy

Illustrated notes

Levels and vault maps discovered:
D:1:      psy_arrival_conway, layout_basic
D:2:      layout_loops_ring, chequers_avenue, minmay_pentomino_z2
D:3:      layout_loops_ring, lemuel_doored_altar,
          chequers_ecumenical_altar_island, first_ration, chequers_jeans
D:4:      layout_basic
D:5:      cheibrodos_fzero, layout_rooms, minmay_temple_entry_from_below_a,
          uniq_blork_the_orc
D:6:      layout_rooms, uniq_pikel, uniq_eustachio, uniq_menkaure
D:7:      layout_cave_pools
D:8:      layout_cave_pods, serial_shops, nicolae_shop_behind_doors, uniq_psyche
D:9:      layout_stronghold, blue_anna_alchemist [blue_anna_fruit_fields,
          blue_anna_fruit_fields]
D:10:     layout_stronghold, kennysheep_small_spiral, grunt_nemelex_the_gamble
D:11:     layout_rooms, grunt_lair_entry_orc_guard_hut,
          minmay_orc_entry_guard_dogs, gammafunk_ghost_split, uniq_sonja
D:12:     layout_irregular_city, minmay_rotating_lava, uniq_jorgrun,
          uniq_frances
Lair:1:   layout_cave_pods, guppyfry_lair_drakes, lemuel_fruit_fields
Lair:2:   layout_roguey, minmay_shoals_entry_centaurs,
          portal_ice_cave_entry_ice_beasts, grunt_megastairs_3
Lair:3:   cheibrodos_lair_overgrown_chateau, layout_loops_ring
Lair:4:   layout_gridlike, spider_nest_entry_rubble, grunt_megastairs_4
Lair:5:   layout_cave_pods
Lair:6:   evil_forest, layout_loops_ring, minmay_slime_entry_pillars
Shoals:1: layout_shoals, nicolae_shoals_arrival_archipelago
Orc:1:    layout_caves
Orc:2:    grunt_orc_cross, layout_caves, minmay_orc_temple_c

Skill      XL: |  1  2  3  4  5  6  7  8  9 10 11 12 13 14 |
---------------+-------------------------------------------+-----
Invocations    | 1 2 3 4 5 6 7 8 9 10 | 10.5
Short Blades   | 1 2 3 4 5 6 7 8 9 |  9.7
Long Blades    | 1 2 3 4 5 6 7 8 9 |  9.7
Maces & Flails | 1 2 3 4 5 6 7 8 9 |  9.7
Polearms       | 1 2 3 4 5 6 7 8 9 |  9.7
Staves         | 1 2 3 4 5 6 7 8 9 |  9.7
Slings         | 1 2 3 4 5 6 7 8 9 |  9.7
Bows           | 1 2 3 4 5 6 7 8 9 |  9.7
Crossbows      | 1 2 3 4 5 6 7 8 9 |  9.7
Throwing       | 1 2 3 4 5 6 7 8 9 |  9.7
Dodging        | 1 2 3 4 5 6 7 8 9 |  9.7
Stealth        | 1 2 3 4 5 6 7 8 9 |  9.7
Unarmed Combat | 1 2 3 4 5 6 7 8 9 |  9.7
Spellcasting   | 1 2 3 4 5 6 7 8 9 |  9.7
Evocations     | 1 2 3 4 5 6 7 8 9 |  9.7
Conjurations   | 1 2 3 4 5 6 7 8 |  8.1
Hexes          | 1 2 3 4 5 6 7 8 |  8.1
Charms         | 1 2 3 4 5 6 7 8 |  8.1
Summonings     | 1 2 3 4 5 6 7 8 |  8.1
Necromancy     | 1 2 3 4 5 6 7 8 |  8.1
Translocations | 1 2 3 4 5 6 7 8 |  8.1
Transmutations | 1 2 3 4 5 6 7 8 |  8.1
Fire Magic     | 1 2 3 4 5 6 7 8 |  8.1
Ice Magic      | 1 2 3 4 5 6 7 8 |  8.1
Air Magic      | 1 2 3 4 5 6 7 8 |  8.1
Earth Magic    | 1 2 3 4 5 6 7 8 |  8.1
Poison Magic   | 1 2 3 4 5 6 7 8 |  8.1
Axes           | 5 6 7 8 9 10 | 10.6
Fighting       | 7 8 9 10 11 | 11.5
Armour         | 7 8 9 10 11 | 11.5
Shields        | 7 8 9 10 11 | 11.5

Action                   |  1- 3 |  4- 6 |  7- 9 | 10-12 | 13-15 || total
-------------------------+-------+-------+-------+-------+-------++-------
Melee: War axe           |   115 |   178 |   247 |   617 |   275 ||  1432
       Bite              |     4 |    19 |    38 |   104 |   210 ||   375
       Demon whip        |       |       |       |       |   590 ||   590
Throw: Boomerang         |       |       |     9 |    39 |   142 ||   190
Evoke: Wand              |       |       |     2 |    36 |     8 ||    46
  Use: Scroll            |     5 |     9 |     2 |    10 |    14 ||    40
       Potion            |       |       |     2 |     1 |     7 ||    10
 Stab: Sleeping          |       |       |     5 |    23 |    26 ||    54
       Distracted        |       |       |     1 |     1 |     1 ||     3
  Eat: Chunk             |     2 |     7 |     8 |    20 |    11 ||    48
       Ration            |       |       |     2 |     5 |     7 ||    14
Armor: Scale mail        |    33 |    68 |    46 |       |       ||   147
       Leather armour    |       |       |    38 |   158 |   192 ||   388
Dodge: Dodged            |    37 |    68 |   128 |   426 |   764 ||  1423
Block: Kite shield       |    74 |   110 |   157 |   444 |   722 ||  1507

Table legend:
 A = Non-vault XP
 B = Vault XP
 C = Vault XP percentage of total XP
 D = Non-vault monster count
 E = Vault monster count
 F = Vault count percentage of total count
                 A         B        C        D         E       F
            +---------+---------+-------+---------+---------+-------
      Total |   54183 |   39229 |  42.0 |     443 |     193 |  30.3
            +---------+---------+-------+---------+---------+-------
        D:1 |      40 |       0 |   0.0 |      22 |       0 |   0.0
        D:2 |      46 |       2 |   4.2 |      14 |       2 |  12.5
        D:3 |     222 |       0 |   0.0 |      36 |       0 |   0.0
        D:4 |     565 |       0 |   0.0 |      21 |       0 |   0.0
        D:5 |     218 |     457 |  67.7 |      10 |      10 |  50.0
        D:6 |     547 |     919 |  62.7 |      11 |       3 |  21.4
        D:7 |    1653 |       0 |   0.0 |      49 |       0 |   0.0
        D:8 |     669 |     389 |  36.8 |      22 |       1 |   4.3
        D:9 |    1818 |     103 |   5.4 |      30 |       1 |   3.2
       D:10 |    3680 |    1496 |  28.9 |      42 |       2 |   4.5
       D:11 |    5147 |    4168 |  44.7 |      21 |      16 |  43.2
     Lair:1 |    6546 |       0 |   0.0 |      30 |       0 |   0.0
     Lair:2 |    1834 |    3242 |  63.9 |       6 |      20 |  76.9
     Lair:3 |    3167 |    5397 |  63.0 |      12 |      17 |  58.6
     Lair:4 |    4626 |     493 |   9.6 |      18 |       2 |  10.0
     Lair:5 |    7579 |       0 |   0.0 |      25 |       0 |   0.0
     Lair:6 |    5306 |    9143 |  63.3 |      14 |      30 |  68.2
   Shoals:1 |    4077 |       0 |   0.0 |       9 |       0 |   0.0
      Orc:1 |    3875 |       0 |   0.0 |      28 |       0 |   0.0
      Orc:2 |    2568 |    9926 |  79.4 |      23 |      61 |  72.6
      IceCv |       0 |    3494 | 100.0 |       0 |      28 | 100.0
            +---------+---------+-------+---------+---------+-------
